 Dungeon Crawl Stone Soup version 0.31-a0-221-gbddc013574 (webtiles) character file.

Game seed: 17865727970519789805

8 Essalna the Firebug (level 2, 0/20 HPs)
             Began as a Demonspawn Fire Elementalist on July 4, 2023.
             Slain by a dart slug (3 damage)
             ... on level 1 of the Dungeon.
             The game lasted 00:01:58 (370 turns).

Essalna the Firebug (Demonspawn Fire Elementalist)   Turns: 370, Time: 00:01:58

Health: 0/20       AC:  2    Str:  8    XL:     2   Next: 0%
Magic:  5/5        EV: 12    Int: 16    God:
Gold:   43         SH:  0    Dex: 13    Spells: 4/5 levels left

rFire   . . .        (no weapon)
rCold   . . .        (no shield)
rNeg    . . .        a - +0 robe
rPois   .            (helmet restricted)
rElec   .            (no cloak)
rCorr   .            (no gloves)
SInv    .            (no boots)
Will    .....        (no amulet)
Stlth   ++           (no ring)
HPRegen 0.23/turn    (no ring)
MPRegen 0.09/turn

%: no passive effects
@: no status effects
A: horns 1
a: no special abilities


You were on level 1 of the Dungeon.
You visited 1 branch of the dungeon, and saw 1 of its levels.

You collected 43 gold pieces.

Inventory:

Armour
 a - a +0 robe (worn)
Potions
 b - a potion of magic


   Skills:
 + Level 0.8 Fighting
 - Level 1.7 Dodging
 - Level 1.7 Stealth
 - Level 2.0 Spellcasting
 + Level 1.4 Conjurations
 + Level 2.8 Fire Magic


You had 4 spell levels left.
You knew the following spells:

 Your Spells              Type           Power      Damage    Failure   Level
a - Foxfire               Conj/Fire      32%        2x1d5     9%          1

Your spell library contained the following spells:

 Spells                   Type           Power      Damage    Failure   Level
 Scorch                   Fire           20%        2d6       10%         2
 Inner Flame              Hex/Fire       6%         N/A       34%         3
 Volatile Blastmotes      Fire/Tloc      12%        2d11      34%         3
 Flame Wave               Conj/Fire      8%         2d5       65%         4


Dungeon Overview and Level Annotations

Branches:
Dungeon (1/15)

Altars:


Innate Abilities, Weirdness & Mutations

You have a pair of small horns on your head.


Message History

Your demonic ancestry asserts itself...
A pair of horns grows on your head! The dart slug closely misses you.
The dart slug launches a dart at you. The slug dart misses you.
The dart slug barely misses you. The dart slug misses you.
The dart slug bites you. The dart slug launches a dart at you.
The slug dart hits you.
The dart slug bites you but does no damage.
The dart slug launches a dart at you. The slug dart hits you.
The dart slug launches a dart at you. The slug dart misses you.
The dart slug bites you. The dart slug bites you.
The dart slug barely misses you. The dart slug launches a dart at you.
The slug dart hits you. The dart slug closely misses you.
The dart slug bites you. The dart slug closely misses you.
The dart slug barely misses you. The dart slug launches a dart at you.
The slug dart hits you. The dart slug launches a dart at you.
The slug dart misses you. The dart slug barely misses you.
The dart slug launches a dart at you. The slug dart hits you.
The dart slug misses you. The dart slug closely misses you.
The dart slug launches a dart at you. The slug dart hits you.
* * * LOW HITPOINT WARNING * * *
The dart slug misses you. The dart slug barely misses you.
The dart slug bites you.
You die...

#.≈<..≈.≈.≈.≈.≈.≈.# ..#
#.≈≈≈.≈≈≈†≈.≈≈≈.≈.#
..+.#...≈>....≈..>..≈.#
..#.#.≈≈≈.≈≈≈.≈≈≈.≈≈≈.#
..#...≈...≈.≈...≈.≈...#
..###.≈≈≈≈≈.≈≈≈≈≈.≈≈≈.#
..# #.................#
..#####..##############
...............w@.....#
..###################.#
..# #†# ..# #(# ### #..
###


You could see a dart slug.

Vanquished Creatures
  A goblin (D:1)
  3 jackals (D:1)
  2 ball pythons (D:1)
  A bat (D:1)
  A kobold (D:1)
8 creatures vanquished.

Vanquished Creatures (others)
  31 foxfires (D:1)
31 creatures vanquished.

Grand Total: 39 creatures vanquished

Notes
Turn   | Place    | Note
-------+----------+-------------------------------------------
     0 | D:1      | Essalna the Demonspawn Fire Elementalist began the quest
                  | for the Orb.
     0 | D:1      | Reached XP level 1. HP: 13/13 MP: 3/3
   326 | D:1      | Gained mutation: You have a pair of small horns on your
                  | head. [demonic ancestry]
   326 | D:1      | Reached XP level 2. HP: 20/20 MP: 1/5
   370 | D:1      | Slain by a dart slug

Illustrated notes

Levels and vault maps discovered:
D:1:      evilmike_arrival_hilbert_curve, layout_basic

Action                     || total
---------------------------++-------
  Melee: Unarmed           ||    15
   Cast: Foxfire           ||    17
 Armour: Robe              ||     4
  Dodge: Dodged            ||    23

Table legend: (Time is in decaauts)
 A = Elapsed time spent in this place.
 B = Non-inter-level travel time spent in this place.
 C = Inter-level travel time spent in this place.
 D = Time resting spent in this place.
 E = Time spent auto-exploring this place.
 F = Levels seen in this place.
 G = Mean time per level.
                   A        B        C        D        E       F      G
               +--------+--------+--------+--------+--------+-----+--------+
         Total |    370 |    368 |      2 |      0 |    210 |   1 |  370.0 |
       Dungeon |    370 |    368 |      2 |      0 |    210 |   1 |  370.0 |
               +--------+--------+--------+--------+--------+-----+--------+

Top non-repeatable levels by time:
     D:1: 370 daAuts
